 Dungeon Crawl Stone Soup version 0.32-a0-872-g59262bd (webtiles) character file.

Game seed: 10246742253817563860

6 lyrin the Insei (level 1, 0/14 HPs)
             Began as a Vampire Shapeshifter on Mar 30, 2024.
             Slain by a hobgoblin (4 damage)
             ... on level 1 of the Dungeon.
             The game lasted 00:00:16 (73 turns).

lyrin the Insei (Vampire Shapeshifter)                Turns: 73, Time: 00:00:16

Health: 0/14       AC:  2    Str: 13    XL:     1   Next: 75%
Magic:  1/1        EV: 11    Int: 12    God:
Gold:   0          SH:  0    Dex: 13    Spells: 0/0 levels left

rFire   . . .        e - +2 sling (flame)
rCold   . . .        (no shield)
rNeg    . . .        a - +0 animal skin
rPois   .            (helmet currently unavailable)
rElec   .            (cloak currently unavailable)
rCorr   .            (gloves currently unavailable)
SInv    +            (boots currently unavailable)
Will    .....        (no amulet)
Stlth   +            (no ring)
HPRegen 0.42/turn    (no ring)
MPRegen 0.07/turn

%: no passive effects
@: beast-form, healing quickly
A: beast (slay +1), alive, fangs 3, see invisible, vampiric 1
a: Exsanguinate, Begin Untransformation


You were on level 1 of the Dungeon.
You were a hulking beast.
You visited 1 branch of the dungeon, and saw 1 of its levels.

Inventory:

Hand Weapons
 e - a +2 sling of flaming (weapon)
Armour
 a - a +0 animal skin (worn)
Talismans
 c - a beast talisman (active)
 d - a flux talisman
Potions
 b - a potion of lignification


   Skills:
 + Level 0.8 Fighting
 + Level 0.1 Ranged Weapons
 + Level 2.1 Dodging
 + Level 3.6 Unarmed Combat
 + Level 3.3 Shapeshifting


You couldn't memorise any spells.
You didn't know any spells.
Your spell library was empty.

Dungeon Overview and Level Annotations

Branches:
Dungeon (1/15)

Altars:


Innate Abilities, Weirdness & Mutations

You are a hulking beast.
Your limbs bulge with bestial killing power. (Slay +1)
Your natural rate of healing is accelerated.
You have razor-sharp teeth.
You have supernaturally acute eyesight. (SInv)
You are afflicted with vampirism.


Message History

The endoplasm quivers.
You shoot a sling bullet. The sling bullet hits the endoplasm!
The sling bullet burns the endoplasm.
You kill the endoplasm!
No target in view!
No target in view!
No target in view!
A rat, 2 hobgoblins and a bat come into view.
The hobgoblin shouts!
The rat squeaks loudly.
An endoplasm comes into view.
You shoot a sling bullet. The sling bullet barely misses the bat.
The endoplasm quivers.
The hobgoblin shouts!
The bat hits you but does no damage.
You shoot a sling bullet. The sling bullet hits the bat.
The sling bullet burns the bat.
You kill the bat!
You shoot a sling bullet. The sling bullet barely misses the rat.
You shoot a sling bullet. The sling bullet hits the rat!
The sling bullet burns the rat.
You kill the rat!
The hobgoblin closely misses you. The hobgoblin hits you.
You shoot a sling bullet.
The sling bullet barely misses the endoplasm.
The hobgoblin barely misses you. x2; The endoplasm closely misses you.
You shoot a sling bullet. The sling bullet hits the endoplasm.
The sling bullet burns the endoplasm.
The endoplasm is almost dead.
The hobgoblin hits you. The hobgoblin closely misses you.
The endoplasm hits you. The endoplasm freezes you.
You are frozen.
* * * LOW HITPOINT WARNING * * *
The hobgoblin closely misses you. x2
The hobgoblin attacks as it pursues you!
The hobgoblin barely misses you. The hobgoblin closely misses you.
The hobgoblin attacks as it pursues you!
The hobgoblin hits you.
You die...

...## #..#..........
###...## #$...........
#~#....#####...........
#####...................
#...##†..####((..?†.....
+.>.'..........g...#....
#...##......#.J.#...# .
###.####.....#.#g#.#.#
#~#.#^###.#....#h#.#..#
###.### #.#.#......# ..#
#...#~# #.#........# .#
#.##### #..#...)...# ..
#.#~# #.............
#.### #..........##..
#.#~# #............# #
#.#####..######....#
#..#~##.. #......


You could see an endoplasm and 2 hobgoblins.

Vanquished Creatures
  A ball python (D:1)
  A bat (D:1)
  An endoplasm (D:1)
  A hobgoblin (D:1)
  A rat (D:1)
5 creatures vanquished.

Notes
Turn   | Place    | Note
-------+----------+-------------------------------------------
     0 | D:1      | lyrin the Vampire Shapeshifter began the quest for the Orb.
     0 | D:1      | Reached XP level 1. HP: 14/14 MP: 1/1
    73 | D:1      | Slain by a hobgoblin

Illustrated notes

Levels and vault maps discovered:
D:1:      shiori_arrival_whats_in_store_for_you, layout_rooms, serial_shops,
          shop

Action                     || total
---------------------------++-------
  Melee: Unarmed           ||     4
         Punch             ||     1
   Fire: Sling             ||     7
 Armour: Animal skin       ||     6
  Dodge: Dodged            ||     9

Table legend: (Time is in decaauts)
 A = Elapsed time spent in this place.
 B = Non-inter-level travel time spent in this place.
 C = Inter-level travel time spent in this place.
 D = Time resting spent in this place.
 E = Time spent auto-exploring this place.
 F = Levels seen in this place.
 G = Mean time per level.
                   A        B        C        D        E       F      G
               +--------+--------+--------+--------+--------+-----+--------+
         Total |     75 |     75 |      0 |      0 |     40 |   1 |   75.0 |
       Dungeon |     75 |     75 |      0 |      0 |     40 |   1 |   75.0 |
               +--------+--------+--------+--------+--------+-----+--------+

Top non-repeatable levels by time:
     D:1: 75 daAuts
